 Dungeon Crawl Stone Soup version 0.24.0-2-g5b39cebb1c (webtiles) character file.

Game seed: 8023855147969976475, levelgen mode: deterministic

5396 Arixos the Martial Artist (level 10, -4/76 HPs)
             Began as a Human Transmuter on Oct 29, 2019.
             Was a Believer of Wu Jian.
             Slain by a yak (6 damage)
             ... on level 9 of the Dungeon.
             The game lasted 00:44:04 (11560 turns).

Arixos the Martial Artist (Human Transmuter)       Turns: 11560, Time: 00:44:05

Health: -4/76      AC: 10    Str: 12    XL:     10   Next: 98%
Magic:  18/18      EV: 15    Int: 15    God:    Wu Jian [**....]
Gold:   370        SH:  0    Dex: 14    Spells: 11/20 levels left

rFire    . . .     SeeInvis .     - Unarmed
rCold    . . .     Gourm    .   (no shield)
rNeg     . . .     Faith    .   u - +2 leather armour {rPois}
rPois    +         Spirit   .   m - +2 helmet
rElec    .         Reflect  .   A - +0 cloak
rCorr    .         Harm     .   v - +0 pair of gloves
MR       .....                  (no boots)
Stlth    +.........             (no amulet)
HPRegen  0.22/turn              (no ring)
MPRegen  0.16/turn              (no ring)

@: berserk cooldown, slowed, very slow
A: no striking features
a: Wall Jump, Renounce Religion


You were on level 9 of the Dungeon.
You worshipped Wu Jian.
Wu Jian was pleased with you.
You were not hungry.

You visited 2 branches of the dungeon, and saw 10 of its levels.
You also visited: Sewer.

You collected 370 gold pieces.

Inventory:

Missiles
 a - 2 curare-tipped darts (quivered)
 k - 23 poisoned darts
Armour
 m - a +2 helmet (worn)
 u - a +2 leather armour of poison resistance (worn)
 v - a +0 pair of gloves (worn)
 A - a +0 cloak (worn)
Wands
 t - a wand of acid (12)
 y - a wand of flame (6)
 z - a wand of enslavement (7)
Scrolls
 b - 5 scrolls of remove curse
 e - a scroll of blinking
 h - 6 scrolls of identify
 j - a scroll of torment {unknown}
 n - a scroll of random uselessness {unknown}
 q - 2 scrolls of enchant armour {unknown}
 w - 3 scrolls of vulnerability {unknown}
 x - 6 scrolls of teleportation {unknown}
 B - a scroll of amnesia {unknown}
Potions
 c - a potion of flight {unknown}
 f - 3 potions of degeneration {unknown}
 g - 2 potions of brilliance
 i - 2 potions of cancellation
 l - a potion of agility {unknown}
 o - 2 potions of curing
 p - a potion of berserk rage
 r - a potion of lignification {unknown}
 s - a potion of resistance {unknown}
 D - a potion of ambrosia {unknown}
 E - a potion of heal wounds {unknown}
Comestibles
 d - 12 rations
 C - 5 chunks of flesh


   Skills:
 + Level 5.9 Fighting
 + Level 6.2 Dodging
 * Level 8.9 Unarmed Combat
 + Level 5.8 Spellcasting
 + Level 6.1 Transmutations
 + Level 5.5 Poison Magic


You had 11 spell levels left.
You knew the following spells:

 Your Spells              Type           Power        Failure   Level  Hunger
a - Beastly Appendage     Tmut           ###...       1%          1    None
s - Spider Form           Tmut/Pois      ###.......   5%          3    ###....
A - Blade Hands           Tmut           ###.......   38%         5    ######.

Your spell library contained the following spells:

 Spells                   Type           Power        Failure   Level  Hunger
 Sticks to Snakes         Tmut           ###.....     2%          2    #......
 Freeze                   Ice            #...         19%         1    None
 Throw Frost              Conj/Ice       #.....       28%         2    #......
 Ice Form                 Ice/Tmut       ##......     47%         4    ####...
 Ozocubu's Armour         Chrm/Ice       #.......     50%         3    ###....
 Venom Bolt               Conj/Pois      ##........   86%         5    ######.
 Summon Ice Beast         Ice/Summ       #.......     88%         4    ####...
 Throw Icicle             Conj/Ice       #.......     88%         4    ####...
 Bolt of Magma            Conj/Fire/Erth #.........   99%         5    ######.
 Iskenderun's Battlesphe  Conj/Chrm      #.......     99%         5    ######.
 Iron Shot                Conj/Erth      #.........   100%        6    #######
 Orb of Destruction       Conj           #.........   100%        7    #######
 Spellforged Servitor     Conj/Summ      #.........   100%        7    #######


Dungeon Overview and Level Annotations

Branches:
Dungeon (9/15)             Temple (1/1) D:5             Orc (0/2) D:9
  Sewer (visited)
   Lair: D:8-11

Altars:
Ashenzari
Cheibriados
Dithmenos
Elyvilon
Fedhas
Gozag
Hepliaklqana
Kikubaaqudgha
Makhleb
Nemelex Xobeh
Okawaru
Qazlal
Ru
Sif Muna
Trog
Uskayaw
Vehumet
Wu Jian
Xom
Yredelemnul
Zin
The Shining One

Shops:
D:5 ?   D:7 (

Annotations:
D:9 3 runed translucent doors, Mandevil's ghost, journeyman GrAM


Message History

The yak is heavily wounded.
You spin and attack the yak.
You punch the yak!
The yak is severely wounded.
The yak closely misses you.
There is an open door, spattered with blood here.
Things that are here:
a +2 dagger of speed; a +0 robe You feel a strong urge to attack something.
You are no longer berserk.
You are exhausted.
You feel yourself slow down. The yak completely misses you. The yak gores you!
* * * LOW HITPOINT WARNING * * *
The big kobold shouts!
You hear a shout! x2
The yak gores you but does no damage. The yak barely misses you.
You hear a shout! x5
A hungry ghost comes into view.
The yak gores you.
You die...

#[.##''#.# #
#.........#........###
#...).....#(..(.......
###.........#.))........
........... #....#####..
..........###...)# #..
..........#......# #..
..........#......# +..
###.@>.#......# #..
#######.#YYY...........
#..
#.......#....##+++##...
#.......#...##W..K.##...
#.......##..#≈.#.#KP#...
#........#..#K.#K#.⌠#
#........#..#{K#K# P#
##.......#..##K.K. # #.
#..)....#...##.!


You could see 3 yaks, a big kobold and Mandevil's ghost.

Vanquished Creatures
  Pikel (D:8)
  A troll (D:9)
  Grinder (D:6)
  A yak (D:9)
  A hungry ghost (D:9)
  4 sky beasts
  2 ice beasts
  2 orc warriors
  2 black bears
  4 ogres
  2 phantoms (D:9)
  5 centaurs
  Blork the orc (D:6)
  5 bullfrogs
  A wyvern skeleton (D:6)
  2 scorpions
  A troll zombie (D:9)
  9 killer bees
  3 crimson imps
  2 bullfrog zombies
  A bullfrog skeleton (D:9)
  2 centaur zombies
  A hound (D:6)
  4 jellies
  Crazy Yiuf (D:6)
  4 orc priests
  5 iguanas
  5 orc wizards
  A centaur skeleton (D:9)
  Ijyb (D:5)
  2 worker ants
  3 ogre zombies (D:9)
  A howler monkey zombie (D:7)
  A worker ant zombie (D:5)
  9 adders
  10 gnolls
  3 shadow imps
  11 oozes (Sewer)
  2 adder skeletons (D:4)
  2 dart slugs
  9 leopard geckos
  24 orcs
  17 ball pythons
  3 bats
  18 giant cockroaches
  5 goblins
  10 hobgoblins
  14 jackals
  4 quokkas
  16 frilled lizards
  4 kobolds
  A leopard gecko skeleton (D:5)
  2 orc skeletons (D:9)
  9 orc zombies (D:9)
  A quokka skeleton (D:5)
  9 rats
265 creatures vanquished.

Vanquished Creatures (others)
  A slave (D:8)
  A jelly (D:8)
  A shadow imp (D:8)
  A jackal (D:8)
  A quokka (D:8)
  A fungus (D:9)
  3 plants (D:9)
9 creatures vanquished.

Grand Total: 274 creatures vanquished

Notes
Turn   | Place    | Note
-------+----------+-------------------------------------------
     0 | D:1      | Arixos the Human Transmuter began the quest for the Orb.
     0 | D:1      | Reached XP level 1. HP: 15/15 MP: 3/3
   268 | D:1      | Reached XP level 2. HP: 21/21 MP: 3/5
   985 | D:2      | Reached XP level 3. HP: 23/26 MP: 6/6
  1438 | D:2      | Reached XP level 4. HP: 32/32 MP: 5/7
  1443 | D:2      | Learned a level 3 spell: Spider Form
  1511 | D:2      | Found a faded altar of an unknown god.
  1796 | D:3      | Found a glowing drain.
  2002 | Sewer    | Entered a sewer
  2035 | Sewer    | Reached XP level 5. HP: 32/38 MP: 6/8
  2198 | Sewer    | Reached skill level 4 in Unarmed Combat
  2201 | Sewer    | Reached skill level 1 in Poison Magic
  2644 | Sewer    | Reached XP level 6. HP: 44/44 MP: 8/10
  3129 | D:3      | Reached XP level 7. HP: 51/51 MP: 8/11
  3857 | D:4      | Learned a level 5 spell: Blade Hands
  3930 | D:4      | Found a snail-covered altar of Cheibriados.
  3952 | D:4      | Reached skill level 5 in Unarmed Combat
  4456 | D:4      | Found a bloodstained altar of Trog.
  4562 | D:4      | Found a radiant altar of Vehumet.
  4572 | D:4      | Reached XP level 8. HP: 50/58 MP: 10/13
  4576 | D:4      | Found a burning altar of Makhleb.
  4851 | D:5      | Entered Level 5 of the Dungeon
  5066 | D:5      | Noticed Ijyb
  5083 | D:5      | Killed Ijyb
  5250 | D:5      | Found a staircase to the Ecumenical Temple.
  5274 | Temple   | Entered the Ecumenical Temple
  5456 | Temple   | Became a worshipper of the Wu Jian Council
  6019 | D:5      | Found Kaeh's Magic Scroll Boutique.
  6155 | D:5      | Reached skill level 6 in Unarmed Combat
  6527 | D:6      | Found an iron altar of Okawaru.
  6527 | D:6      | Found a shadowy altar of Dithmenos.
  6594 | D:6      | Reached XP level 9. HP: 54/65 MP: 13/15
  6657 | D:6      | Reached * piety under Wu Jian
  6863 | D:6      | Noticed Grinder
  6870 | D:6      | Paralysed by Grinder for 4 turns
  6887 | D:6      | Killed Grinder
  7040 | D:6      | Noticed Blork the orc
  7046 | D:6      | Killed Blork the orc
  7126 | D:6      | Reached skill level 7 in Unarmed Combat
  7275 | D:6      | Found a runed translucent door.
  7276 | D:6      | Noticed Crazy Yiuf
  7402 | D:6      | Killed Crazy Yiuf
  7923 | D:6      | Reached skill level 5 in Dodging
  8016 | D:6      | Reached skill level 5 in Transmutations
  8088 | D:7      | Found Geyr's Weapon Shoppe.
  8172 | D:7      | Found an ornate altar of the Wu Jian Council.
  8616 | D:7      | Reached skill level 5 in Spellcasting
  8644 | D:7      | Reached XP level 10. HP: 65/73 MP: 13/17
  8702 | D:7      | Reached skill level 5 in Fighting
  9171 | D:8      | Noticed Pikel
  9185 | D:8      | Killed Pikel
  9185 | D:8      | Reached skill level 8 in Unarmed Combat
  9358 | D:8      | Found a shattered altar of Ashenzari.
  9384 | D:8      | Reached ** piety under Wu Jian
  9808 | D:7      | Reached skill level 5 in Poison Magic
 10302 | D:9      | Found a staircase to the Orcish Mines.
 10897 | D:9      | Found a hide-covered altar of Uskayaw.
 11059 | D:9      | Found a runed translucent gate.
 11059 | D:9      | Found a runed translucent gate.
 11059 | D:9      | Found a runed translucent gate.
 11430 | D:9      | Noticed a kobold demonologist
 11430 | D:9      | Noticed Mandevil's ghost (journeyman GrAM)
 11430 | D:9      | Noticed a kobold demonologist
 11431 | D:9      | Noticed a kobold demonologist
 11433 | D:9      | Identified the +3 short sword "Popiq" {chaos, Dex+2}
 11444 | D:9      | Found a glowing golden altar of the Shining One.
 11446 | D:9      | Found a shimmering altar of Xom.
 11484 | D:9      | Found a basalt altar of Yredelemnul.
 11556 | D:9      | HP: 1/76 [yak (11)]
 11560 | D:9      | Slain by a yak

Levels and vault maps discovered:
D:1:      sevenhm_arrival_forest_fort_small_3, layout_rooms, serial_forest,
          infiniplex_forest_clump_curved, infiniplex_forest_lined_room_2,
          infiniplex_forest_lined_2, infiniplex_forest_clump_diagonal,
          infiniplex_forest_straight_2, infiniplex_forest_join,
          infiniplex_forest_clump_tiny, infiniplex_forest_clump_double,
          supply_closet_lemuel, serial_bayou_pond_d
D:2:      layout_rooms, chequers_ecumenical_altar_lobes, first_ration
D:3:      layout_basic, gup_sewer_entry_glass
D:4:      layout_basic, grunt_temple_overflow_lords_of_destruction,
          cheibriados_altar_1, trog_book
D:5:      layout_loops_ring, minmay_temple_entry_waves, serial_shops,
          kennysheep_little_box, uniq_ijyb
D:6:      layout_loops_ring, gammafunk_temple_overflow_wave, uniq_grinder,
          uniq_crazy_yiuf_cottage, uniq_blork_the_orc
D:7:      layout_loops_corners, basic_altar, serial_shops, shop, grunt_ogre_cave
D:8:      layout_loops_cross, ashenzari_altar_1, serial_bayou_pond_c, uniq_pikel
D:9:      layout_irregular_city, gammafunk_temple_overflow_forgotten,
          lemuel_doored_altar, zombieorc1_lemuel, gammafunk_ghost_nasty_kobolds
Temple:   minmay_temple_bridge_abc

Skill      XL: |  1  2  3  4  5  6  7  8  9 10 |
---------------+-------------------------------+-----
Unarmed Combat | 4 5 6 7 8 |  8.9
Poison Magic   | 1 2 3 4 5 |  5.5
Fighting       | 2 3 4 5 |  5.9
Dodging        | 3 4 5 6 |  6.2
Transmutations | 3 4 5 6 |  6.1
Spellcasting   | 3 4 5 |  5.8

Action                   |  1- 3 |  4- 6 |  7- 9 | 10-12 || total
-------------------------+-------+-------+-------+-------++-------
Melee: Unarmed           |   120 |   250 |   378 |   262 ||  1010
       Kick              |    17 |    44 |    13 |     5 ||    79
       Headbutt          |     2 |       |       |       ||     2
       Punch             |     2 |     3 |     2 |       ||     7
 Cast: Beastly Appendage |    18 |    33 |    12 |     1 ||    64
       Spider Form       |       |     4 |    45 |    25 ||    74
Invok: Lunge             |       |       |    17 |     7 ||    24
       Whirlwind         |       |       |     3 |     7 ||    10
  Use: Scroll            |       |     5 |       |       ||     5
       Potion            |       |       |     1 |     5 ||     6
 Stab: Sleeping          |     1 |       |     1 |     1 ||     3
  Eat: Chunk             |     2 |     7 |    16 |     7 ||    32
       Ration            |       |       |     2 |     2 ||     4
Armor: Robe              |    28 |    47 |     3 |       ||    78
       Skin              |       |     2 |     9 |     6 ||    17
       Leather armour    |       |       |    29 |    22 ||    51
Dodge: Dodged            |    85 |   190 |   292 |   254 ||   821
